 Dungeon Crawl Stone Soup version 0.28-a0-845-gfc338a8e3c (webtiles) character file.

Game seed: 594388001596400519

8 ytrimaz the Chopper (level 2, 22/22 HPs)
             Began as a Demonspawn Gladiator on Nov 12, 2021.
             Quit the game on level 1 of the Dungeon.
             The game lasted 00:01:17 (695 turns).

ytrimaz the Chopper (Demonspawn Gladiator)           Turns: 695, Time: 00:01:17

Health: 22/22      AC:  4    Str: 14    XL:     2   Next: 0%
Magic:  2/2        EV: 12    Int:  9    God:
Gold:   23         SH:  0    Dex: 14    Spells: 1/1 levels left

rFire   . . .      SeeInvis .   a - +0 war axe
rCold   . . .      Faith    .   (no shield)
rNeg    . . .      Spirit   .   b - +0 leather armour
rPois   .          Reflect  .   c - +0 helmet
rElec   .          Harm     .   (no cloak)
rCorr   .          Rampage  .   (no gloves)
Will    .....                   (no boots)
Stlth   +.........              (no amulet)
HPRegen 0.07/turn               (no ring)
MPRegen 0.08/turn               (no ring)

@: no status effects
A: demonic magic 1
a: no special abilities


You were on level 1 of the Dungeon.
You visited 1 branch of the dungeon, and saw 1 of its levels.

You collected 23 gold pieces.

Inventory:

Hand Weapons
 a - a +0 war axe (weapon)
Missiles
 d - 3 throwing nets (quivered)
Armour
 b - a +0 leather armour (worn)
 c - a +0 helmet (worn)
Scrolls
 e - a scroll of identify {unknown}
 f - a scroll of enchant armour {unknown}


   Skills:
 * Level 2.1 Fighting
 + Level 2.9 Axes
 - Level 1.7 Throwing
 * Level 0.3 Armour
 + Level 2.8 Dodging


You had one spell level left.
You didn't know any spells.
Your spell library was empty.

Dungeon Overview and Level Annotations

Branches:
Dungeon (1/15)

Altars:


Innate Abilities, Weirdness & Mutations

Spells you cast may paralyse adjacent enemies.


Message History

The giant cockroach bites you but does no damage. x2
You slash the giant cockroach!
You kill the giant cockroach!
You see here a giant cockroach corpse.
e - a scroll labelled OMEABIBBUG You now have 23 gold pieces (gained 6).
A goblin comes into view. It is wielding a +0 dagger.
The goblin shouts!
The goblin moves out of view.
A goblin is nearby!
A goblin is nearby!
You completely miss the goblin. The goblin hits you with a +0 dagger.
You barely miss the goblin. The goblin hits you but does no damage.
The goblin hits you with a +0 dagger.
You slash the goblin!
You kill the goblin!
You have reached level 2!
Your demonic ancestry asserts itself...
A menacing aura infuses your magic.
Things that are here:
a +0 dagger; a goblin corpse
Things that are here:
a +0 dagger; a goblin corpse As you open the door, it creaks loudly!
Found a stone staircase leading down.
There is an open door here.
f - a scroll labelled JUINUCV CAXUYR You open the door.
A frilled lizard comes into view.
A frilled lizard is nearby!
A frilled lizard is nearby!
There is an open door here.
You closely miss the frilled lizard. The frilled lizard closely misses you.
You closely miss the frilled lizard. The frilled lizard barely misses you.
You hit the frilled lizard but do no damage.
The frilled lizard closely misses you.
You closely miss the frilled lizard. The frilled lizard misses you.
The frilled lizard bites you but does no damage.
You barely miss the frilled lizard. The frilled lizard barely misses you.
Are you sure you want to abandon this character and quit the game? (Confirm with "yes".)

#...###)######.##.
#............##.
#...###.#########. #.
##'## ## ##...##
##.....## ## #.
##.......## ##.
##...####.........####..
......l@'.....>...+.....
.....####.........####..
#.. ##.......## ##. .
##.....## ###. ##...##
#... ##+## #.#. ##.#
#.#. ..# #.#. ##.## #.#.


You could see a frilled lizard.

Vanquished Creatures
  An endoplasm (D:1)
  A giant cockroach (D:1)
  A goblin (D:1)
  2 bats (D:1)
  3 rats (D:1)
8 creatures vanquished.

Notes
Turn   | Place    | Note
-------+----------+-------------------------------------------
     0 | D:1      | ytrimaz the Demonspawn Gladiator began the quest for the
                  | Orb.
     0 | D:1      | Reached XP level 1. HP: 16/16 MP: 1/1
     6 | D:1      | Noticed a black bear
     6 | D:1      | Noticed a water moccasin
     6 | D:1      | Noticed an eight-headed hydra
     7 | D:1      | Noticed a hound
    61 | D:1      | Found a faded altar of an unknown god.
   593 | D:1      | Gained mutation: Spells you cast may paralyse adjacent
                  | enemies. [demonic ancestry]
   593 | D:1      | Reached XP level 2. HP: 16/22 MP: 2/2
   695 | D:1      | Quit the game

Illustrated notes

Levels and vault maps discovered:
D:1:      onia_arrival_zoo_common, layout_loops_corners,
          hellmonk_ecumenical_altar_leap_of_faith

Action                   || total
-------------------------++-------
Melee: War axe           ||    36
Armor: Leather armour    ||    24
Dodge: Dodged            ||    34

Table legend: (Time is in decaauts)
 A = Elapsed time spent in this place.
 B = Non-inter-level travel time spent in this place.
 C = Inter-level travel time spent in this place.
 D = Time resting spent in this place.
 E = Time spent auto-exploring this place.
 F = Levels seen in this place.
 G = Mean time per level.
                   A        B        C        D        E       F      G
               +--------+--------+--------+--------+--------+-----+--------+
         Total |    707 |    707 |      0 |      0 |    604 |   1 |  707.0 |
       Dungeon |    707 |    707 |      0 |      0 |    604 |   1 |  707.0 |
               +--------+--------+--------+--------+--------+-----+--------+

Top non-repeatable levels by time:
     D:1: 707 daAuts
